 Dungeon Crawl Stone Soup version 0.30-a0-250-g41c1d76940 (webtiles) character file.

Game seed: 15698916713060070952

1256 gzilladon the Cleaver (level 8, -14/69 HPs)
             Began as a Minotaur Fighter on Oct 12, 2022.
             Demolished by a gnoll sergeant
             ... wielding a +2 spear of distortion
              (18 damage)
             ... on level 5 of the Dungeon.
             The game lasted 00:13:34 (4086 turns).

gzilladon the Cleaver (Minotaur Fighter)            Turns: 4086, Time: 00:13:36

Health: -14/69     AC: 13    Str: 23    XL:     8   Next: 26%
Magic:  7/7        EV:  8    Int:  5    God:
Gold:   215        SH:  4    Dex: 10    Spells: 7/7 levels left

rFire   . . .      SeeInvis .    z - +1 hand axe (vorpal)
rCold   . . .      Faith    .    c - +0 buckler
rNeg    . . .      Spirit   .    m - +0 chain mail
rPois   .          Reflect  .    (helmet restricted)
rElec   .          Harm     .    h - +0 cloak
rCorr   .          Rampage  .    q - +0 pair of gloves
Will    .....                    (no boots)
Stlth   ..........               (no amulet)
HPRegen 0.31/turn                (no ring)
MPRegen 0.10/turn                (no ring)

@: no status effects
A: horns 2, retaliatory headbutt
a: no special abilities


You were on level 5 of the Dungeon.
You visited 1 branch of the dungeon, and saw 5 of its levels.

You collected 215 gold pieces.

Inventory:

Hand Weapons
 a - a +0 war axe
 z - a +1 vorpal hand axe (weapon)
 C - a +2 scythe of freezing
Missiles
 j - 14 stones (quivered)
Armour
 b - a +0 scale mail
 c - a +0 buckler (worn)
 h - a +0 cloak (worn)
 m - a +0 chain mail (worn)
 q - a +0 pair of gloves (worn)
Magical Staves
 o - a staff of cold
 v - a staff of poison
 B - a staff of earth
Jewellery
 l - a ring of positive energy
 s - a ring of protection from fire
 u - a ring of positive energy
Wands
 E - a wand of digging (4)
 F - a wand of flame (14)
Scrolls
 k - 3 scrolls of summoning {unknown}
 n - 6 scrolls of identify {unknown}
 p - 2 scrolls of immolation {unknown}
 r - a scroll of torment {unknown}
 t - 2 scrolls of butterflies {unknown}
 w - 2 scrolls of teleportation {unknown}
 x - 2 scrolls of vulnerability {unknown}
 y - a scroll of enchant armour {unknown}
 A - a scroll of noise {unknown}
 D - 3 scrolls of magic mapping {unknown}
Potions
 d - a potion of might
 e - 5 potions of mutation {unknown}
 f - 3 potions of curing {unknown}
 g - a potion of haste {unknown}
 i - 4 potions of heal wounds {unknown}


   Skills:
 + Level 5.6 Fighting
 * Level 8.3 Axes
 + Level 0.8 Throwing
 * Level 7.5 Armour
 + Level 1.4 Dodging
 + Level 0.6 Stealth
 + Level 4.7 Shields


You had 7 spell levels left.
You didn't know any spells.
Your spell library contained the following spells:

 Spells                   Type           Power      Damage    Failure   Level
 Beastly Appendage        Tmut           0%         N/A       99%         1
 Freeze                   Ice            0%         1d3       99%         1
 Ensorcelled Hibernation  Hex/Ice        0%         N/A       100%        2
 Wereblood                Tmut           0%         N/A       100%        2
 Spider Form              Tmut/Pois      0%         N/A       100%        3
 Anguish                  Hex/Necr       0%         N/A       100%        4
 Borgnjor's Revivificati  Necr           0%         N/A       100%        8


Dungeon Overview and Level Annotations

Branches:
Dungeon (5/15)
 Temple: D:4-7

Altars:

Shops:
D:4 (


Innate Abilities, Weirdness & Mutations

You have a pair of horns on your head.
You reflexively headbutt those who attack you in melee.


Message History

Something hits you. You block the gnoll sergeant's attack.
You see here a +0 whip.
You barely miss the gnoll sergeant. You headbutt the gnoll sergeant!
The gnoll sergeant is heavily wounded.
You barely miss something. Something hits you but does no damage.
The orc wizard gestures wildly while chanting.
The orc wizard flickers and vanishes!
The gnoll sergeant hits you but does no damage.
You blink.
A phantom comes into view.
You start resting.
A phantom is nearby!
A phantom is nearby!
You hit the phantom. You headbutt the phantom!
The phantom is heavily damaged.
The phantom hits you.
You closely miss the phantom. You headbutt the phantom.
The phantom is heavily damaged.
The phantom closely misses you. The gnoll sergeant closely misses you.
You hit the phantom. Your headbutt misses the phantom.
The phantom is almost destroyed.
You block the phantom's attack.
The gnoll sergeant hits you from afar with a +2 spear of distortion.
Space warps horribly around you!!
* * * LOW HITPOINT WARNING * * *
You hit the phantom but do no damage.
The phantom is almost destroyed.
You hit the phantom.
You destroy the phantom!
The gnoll sergeant barely misses you.
The gnoll sergeant hits you but does no damage.
Space warps around you!
* * * LOW HITPOINT WARNING * * *
You slash the gnoll sergeant!
The gnoll sergeant is almost dead.
You hit the orc. The orc hits you with a +0 whip.
* * * LOW HITPOINT WARNING * * *
The gnoll sergeant hits you but does no damage.
Space warps horribly around you!!
You die...

..# ##.##.......
#.#####...#....... ###
#.##....#......... ....
#.##.##...#.......
###.###.##.###.##...W...
../...).s#.#....{.......
osoo.).........s.# ...
###.###)##....##g# .## #
#..#..#.##@#
#........o.#
...##..#..#.#
#..##.#..#..#
.............# #
....#..#...### .
.#...... ..... .###


You could see a gnoll sergeant, a scorpion and an orc.

Vanquished Creatures
  Grinder (D:4)
  Sigmund (D:4)
  Menkaure (D:5)
  Duvessa (D:5)
  2 phantoms
  A necrophage (D:4)
  A scorpion (D:4)
  Dowan (D:5)
  2 orc priests (D:4)
  A hound (D:4)
  An iguana (D:4)
  2 orc wizards
  5 adders
  3 gnolls (D:5)
  2 worms
  2 dart slugs
  11 orcs
  2 endoplasms
  6 giant cockroaches
  7 goblins
  5 hobgoblins
  3 jackals (D:4)
  4 kobolds
  2 quokkas (D:1)
  8 ball pythons
  9 bats
  3 frilled lizards
  8 rats
95 creatures vanquished.

Notes
Turn   | Place    | Note
-------+----------+-------------------------------------------
     0 | D:1      | gzilladon the Minotaur Fighter began the quest for the Orb.
     0 | D:1      | Reached XP level 1. HP: 19/19 MP: 0/0
   207 | D:1      | Reached XP level 2. HP: 24/27 MP: 1/1
   551 | D:1      | Got the Tome of Shivering Exhumation
   606 | D:1      | Reached XP level 3. HP: 33/33 MP: 2/2
  1001 | D:2      | Reached skill level 3 in Axes
  1400 | D:2      | Reached XP level 4. HP: 40/40 MP: 3/3
  1982 | D:3      | Reached skill level 4 in Axes
  2456 | D:4      | Reached XP level 5. HP: 41/46 MP: 4/4
  2605 | D:4      | Noticed Grinder
  2609 | D:4      | Paralysed by Grinder for 4 turns
  2622 | D:4      | Paralysed by Grinder for 5 turns
  2629 | D:4      | Killed Grinder
  2630 | D:4      | Reached skill level 5 in Axes
  2630 | D:4      | Reached skill level 5 in Armour
  2630 | D:4      | Reached XP level 6. HP: 9/53 MP: 5/5
  2824 | D:4      | Noticed Sigmund
  2836 | D:4      | Killed Sigmund
  2837 | D:4      | Reached skill level 6 in Axes
  2837 | D:4      | Reached skill level 1 in Dodging
  2837 | D:4      | Reached XP level 7. HP: 33/60 MP: 6/6
  3038 | D:4      | Reached skill level 5 in Fighting
  3208 | D:4      | Found Dubb's Weapon Shoppe.
  3333 | D:4      | Reached skill level 7 in Axes
  3657 | D:5      | Entered Level 5 of the Dungeon
  3781 | D:5      | Noticed Dowan
  3782 | D:5      | Noticed Duvessa
  3797 | D:5      | Killed Duvessa
  3804 | D:5      | Killed Dowan
  3805 | D:5      | Reached XP level 8. HP: 41/68 MP: 7/7
  3924 | D:5      | Noticed Menkaure
  3930 | D:5      | Killed Menkaure
  3931 | D:5      | Reached skill level 8 in Axes
  4086 | D:5      | Demolished by a gnoll sergeant

Illustrated notes

Levels and vault maps discovered:
D:1:      sevenhm_arrival_forest_fort_large_4, layout_loops_ring
D:2:      layout_rooms, kennysheep_generic_room_5
D:3:      layout_basic, amcnicky_mini_corridor_feature,
          minmay_misc_feat_ornament, minmay_liquid_box
D:4:      layout_gridville, serial_shops, nicolae_shop_hallway_plus,
          minmay_misc_feat_doors, uniq_grinder, uniq_sigmund
D:5:      layout_loops_ring, minmay_temple_entry_glass,
          hangedman_abyss_or_decor_lesser_grid, uniq_duvessa, uniq_menkaure

Skill      XL: |  1  2  3  4  5  6  7  8 |
---------------+-------------------------+-----
Armour         | 4 5 7 |  7.5
Fighting       | 4 5 |  5.6
Axes           | 3 4 5 6 7 8 |  8.3
Shields        | 4 |  4.7
Dodging        | 1 |  1.4
Throwing       | |  0.8
Stealth        | |  0.6

Action                   |  1- 3 |  4- 6 |  7- 9 || total
-------------------------+-------+-------+-------++-------
Melee: War axe           |    89 |    22 |       ||   111
       Headbutt          |    12 |    12 |    25 ||    49
       Hand axe          |       |    17 |    92 ||   109
Throw: Stone             |       |     3 |       ||     3
  Use: Potion            |       |     1 |       ||     1
Armor: Scale mail        |    21 |       |       ||    21
       Chain mail        |    34 |    26 |    56 ||   116
Dodge: Dodged            |    49 |    12 |    32 ||    93
Block: Buckler           |    16 |    11 |    20 ||    47

Table legend: (Time is in decaauts)
 A = Elapsed time spent in this place.
 B = Non-inter-level travel time spent in this place.
 C = Inter-level travel time spent in this place.
 D = Time resting spent in this place.
 E = Time spent auto-exploring this place.
 F = Levels seen in this place.
 G = Mean time per level.
                   A        B        C        D        E       F      G
               +--------+--------+--------+--------+--------+-----+--------+
         Total |   4131 |   3390 |    741 |    470 |      0 |   5 |  826.2 |
       Dungeon |   4131 |   3390 |    741 |    470 |      0 |   5 |  826.2 |
               +--------+--------+--------+--------+--------+-----+--------+

Top non-repeatable levels by time:
     D:4: 1387 daAuts
     D:1: 931 daAuts
     D:3: 763 daAuts
     D:2: 621 daAuts
     D:5: 427 daAuts
